 Dungeon Crawl Stone Soup version 0.29-a0-1027-gcd8c55af63 (webtiles) character file.

Game seed: 13302621111182943259

540 gelatine the Stinger (level 7, -2/48 HPs)
             Began as a Demonspawn Venom Mage on Aug 13, 2022.
             Was a Follower of Vehumet.
             Slain by an ogre
             ... wielding a +0 giant club
              (16 damage)
             ... on level 4 of the Dungeon.
             The game lasted 00:12:40 (4482 turns).

gelatine the Stinger (Demonspawn Venom Mage)        Turns: 4482, Time: 00:12:40

Health: -2/48      AC:  5    Str:  9    XL:     7   Next: 5%
Magic:  6/13       EV: 11    Int: 18    God:    Vehumet [*.....]
Gold:   195        SH:  5    Dex: 13    Spells: 9/14 levels left

rFire   . . .      SeeInvis .   w - +3 hand axe
rCold   . . .      Faith    .   (no shield)
rNeg    + + .      Spirit   .   o - +2 leather armour {rN+}
rPois   .          Reflect  +   (no helmet)
rElec   .          Harm     .   (no cloak)
rCorr   .          Rampage  .   (no gloves)
Will    .....                   (no boots)
Stlth   ++........              n - amulet of reflection
HPRegen 0.16/turn               c - ring of flight
MPRegen 0.13/turn               j - ring of positive energy

@: flying
A: ignite blood 2, demonic touch 1
a: Renounce Religion


You were on level 4 of the Dungeon.
You worshipped Vehumet.
Vehumet was aware of your devotion.
You visited 1 branch of the dungeon, and saw 4 of its levels.

You collected 195 gold pieces.

Inventory:

Hand Weapons
 w - a +3 hand axe (weapon)
 y - a +2 dagger of protection
 A - a +2 dagger of venom
Armour
 o - a +2 leather armour of positive energy (worn)
Magical Staves
 e - a staff of earth
Jewellery
 c - a ring of flight (left hand)
 j - a ring of positive energy (right hand)
 n - an amulet of reflection (around neck)
Wands
 a - a wand of digging (5)
 r - a wand of flame (32)
Scrolls
 d - 2 scrolls of poison {unknown}
 m - a scroll of amnesia
 p - a scroll of blinking {unknown}
 s - 2 scrolls of torment {unknown}
 t - a scroll of fear {unknown}
 u - 2 scrolls of fog {unknown}
 v - a scroll of enchant weapon {unknown}
 x - a scroll of vulnerability {unknown}
Potions
 b - a potion of magic
 f - 2 potions of ambrosia
 g - 2 potions of heal wounds
 h - 3 potions of mutation {unknown}
 i - 5 potions of curing {unknown}
 k - a potion of berserk rage
 l - a potion of brilliance
 q - a potion of cancellation
 z - a potion of attraction {unknown}


   Skills:
 + Level 1.4 Fighting
 + Level 0.7 Axes
 + Level 1.7 Armour
 + Level 2.1 Dodging
 + Level 1.8 Stealth
 + Level 0.2 Shields
 + Level 4.1 Spellcasting
 + Level 3.2 Transmutations
 + Level 0.1 Air Magic
 + Level 4.6 Poison Magic


You had 9 spell levels left.
You knew the following spells:

 Your Spells              Type           Power      Damage    Failure   Level
a - Sting                 Tmut/Pois      72%        1d6       3%          1
b - Poisonous Vapours     Pois/Air       24%        N/A       11%         2
c - Magic Dart            Conj           12%        1d3       21%         1
d - Foxfire               Conj/Fire      12%        2x1d4     21%         1

Your spell library contained the following spells:

 Spells                   Type           Power      Damage    Failure   Level
 Spider Form              Tmut/Pois      18%        N/A       12%         3
 Slow                     Hex            12%        N/A       21%         1
 Olgreb's Toxic Radiance  Pois           20%        N/A       28%         4
 Ensorcelled Hibernation  Hex/Ice        6%         N/A       30%         2
 Mephitic Cloud           Conj/Pois/Air  9%         N/A       30%         3
 Confusing Touch          Hex            3%         N/A       52%         3
 Conjure Flame            Conj/Fire      3%         6-21      52%         3
 Inner Flame              Hex/Fire       3%         N/A       52%         3
 Vampiric Draining        Necr           3%         2d6       52%         3
 Anguish                  Hex/Necr       1%         N/A       89%         4
 Flame Wave               Conj/Fire      3%         2d5       89%         4


Dungeon Overview and Level Annotations

Branches:
Dungeon (4/15)             Temple (0/1) D:4

Altars:
Ashenzari
Cheibriados
Okawaru
Vehumet

Shops:
D:2 [

Annotations:
D:3 1 runed translucent door, Crazy Yiuf


Innate Abilities, Weirdness & Mutations

Your demonic aura often causes spilled blood to erupt in flames.
Your touch may inflict minor irresistible damage on your foes.


Message History

There is an open door here.
You hit the ogre but do no damage. The ogre hits you with a +0 giant club.
The ogre attacks as you move away!
The ogre hits you with a +0 giant club!!
Ouch! That really hurt!
Casting: Foxfire (safe; 21% risk of failure)
Confirm with . or Enter, or press ? or * to list all spells.
Aiming: Poisonous Vapours (safe; 11% risk of failure)
Press: ? - help, Dir - move target, f - ogre
Aim: an ogre, wielding a +0 giant club Poisonous vapours surround the ogre!
The ogre is poisoned.
Casting: Poisonous Vapours (safe; 11% risk of failure)
Confirm with . or Enter, or press ? or * to list all spells.
Aiming: Poisonous Vapours (safe; 11% risk of failure)
Press: ? - help, Dir - move target, f/p - ogre
Aim: an ogre, wielding a +0 giant club (lightly wounded, poisoned) Poisonous vapours surround the ogre!
The ogre looks even sicker.
Casting: Poisonous Vapours (safe; 11% risk of failure)
Confirm with . or Enter, or press ? or * to list all spells.
Aiming: Poisonous Vapours (safe; 11% risk of failure)
Press: ? - help, Dir - move target, f/p - ogre
Aim: an ogre, wielding a +0 giant club (lightly wounded, very poisoned) Poisonous vapours surround the ogre!
The ogre looks even sicker.
Casting: Poisonous Vapours (safe; 11% risk of failure)
Confirm with . or Enter, or press ? or * to list all spells.
Aiming: Poisonous Vapours (safe; 11% risk of failure)
Press: ? - help, Dir - move target, f/p - ogre
Aim: an ogre, wielding a +0 giant club (lightly wounded, very poisoned) Poisonous vapours surround the ogre!
The ogre looks as sick as possible!
You hit the ogre.
The ogre is moderately wounded.
The ogre barely misses you.
You hit the ogre. Your touch misses the ogre.
The ogre is moderately wounded.
The ogre hits you with a +0 giant club.
* * * LOW HITPOINT WARNING * * *
You hit the ogre.
The ogre is severely wounded.
The ogre hits you with a +0 giant club!
You die...

##...#....<............###.
####...#####################.
...............# #..
...............# #..
...............+ +.#
.###########...#######+#######
##...##.#..........#
#.......#..........'
#..@O...#..........#
#.......#..........#
#.......'......>...#
#.......#.$.........
#..####+#........... ####
###########


You could see an ogre (very poisoned).

Vanquished Creatures
  Grinder (D:3)
  Blork the orc (D:4)
  A necrophage (D:4)
  Jessica (D:3)
  Ijyb (D:4)
  Natasha (D:4)
  Robin (D:4)
  3 gnolls (D:3)
  An adder (D:2)
  An ufetubus (D:4)
  2 worms (D:2)
  An orc (D:4)
  5 ball pythons
  4 endoplasms
  5 giant cockroaches
  17 goblins
  14 hobgoblins
  4 jackals (D:4)
  8 kobolds
  5 quokkas
  6 bats
  2 frilled lizards (D:1)
  7 rats
92 creatures vanquished.

Vanquished Creatures (others)
  10 foxfires (D:4)
10 creatures vanquished.

Grand Total: 102 creatures vanquished

Notes
Turn   | Place    | Note
-------+----------+-------------------------------------------
     0 | D:1      | gelatine the Demonspawn Venom Mage began the quest for the
                  | Orb.
     0 | D:1      | Reached XP level 1. HP: 13/13 MP: 3/3
   178 | D:1      | Reached skill level 1 in Transmutations
   178 | D:1      | Gained mutation: Your touch may inflict minor irresistible
                  | damage on your foes. [demonic ancestry]
   178 | D:1      | Reached XP level 2. HP: 19/19 MP: 0/5
  1082 | D:2      | Gained mutation: Your demonic aura sometimes causes spilled
                  | blood to erupt in flames. [demonic ancestry]
  1082 | D:2      | Reached XP level 3. HP: 24/24 MP: 2/6
  1381 | D:2      | Found a faded altar of an unknown god.
  1412 | D:2      | Found Fulioscha's Armour Shop.
  2332 | D:3      | Noticed Jessica
  2347 | D:3      | Killed Jessica
  2348 | D:3      | Gained mutation: Your demonic aura often causes spilled
                  | blood to erupt in flames. [demonic ancestry]
  2348 | D:3      | Reached XP level 4. HP: 31/31 MP: 3/8
  2849 | D:3      | Found a radiant altar of Vehumet.
  2885 | D:3      | Found a broken altar of Ashenzari.
  2910 | D:3      | Became a worshipper of Vehumet
  2932 | D:3      | Found a runed translucent door.
  2933 | D:3      | Noticed Crazy Yiuf
  2990 | D:3      | Noticed Grinder
  3008 | D:3      | Paralysed by Grinder for 3 turns
  3009 | D:3      | Killed Grinder
  3010 | D:3      | Reached skill level 1 in Armour
  3010 | D:3      | Reached XP level 5. HP: 11/36 MP: 1/10
  3010 | D:3      | Reached XP level 6. HP: 13/42 MP: 1/11
  3296 | D:3      | Found an iron altar of Okawaru.
  3344 | D:3      | Found a snail-covered altar of Cheibriados.
  3394 | D:3      | Learned a level 2 spell: Poisonous Vapours
  3470 | D:4      | Noticed Ijyb
  3479 | D:4      | Killed Ijyb
  3480 | D:4      | Reached skill level 1 in Fighting
  4027 | D:4      | Found a staircase to the Ecumenical Temple.
  4050 | D:4      | Noticed Robin
  4056 | D:4      | Reached * piety under Vehumet
  4056 | D:4      | Offered knowledge of Magic Dart by Vehumet.
  4058 | D:4      | Killed Robin
  4069 | D:4      | Learned a level 1 spell: Magic Dart
  4071 | D:4      | Learned a level 1 spell: Foxfire
  4174 | D:4      | Noticed Blork the orc
  4183 | D:4      | Killed Blork the orc
  4184 | D:4      | Reached XP level 7. HP: 30/48 MP: 6/13
  4358 | D:4      | Noticed Natasha
  4364 | D:4      | Killed Natasha
  4482 | D:4      | Slain by an ogre

Illustrated notes

Levels and vault maps discovered:
D:1:      zelgadis_glass_arrival_small, layout_loops_ring
D:2:      layout_loops_corners, serial_shops, nicolae_shop_stone,
          hellmonk_ecumenical_altar_inner_sanctum
D:3:      layout_rooms, mainiacjoe_overflow_surrounded_room,
          mainiacjoe_overflow_alcove_1,
          chequers_temple_overflow_statue_of_worship,
          chequers_serial_rivers_room_b, uniq_jessica, uniq_crazy_yiuf_cottage,
          uniq_grinder
D:4:      layout_gridville, minmay_temple_entry_glassed_door, uniq_natasha,
          uniq_robin, uniq_ijyb, uniq_blork_the_orc

Skill      XL: |  1  2  3  4  5  6 |
---------------+-------------------+-----
Transmutations | 1 2 3 |  3.2
Dodging        | 2 |  2.1
Poison Magic   | 4 |  4.6
Armour         | 1 |  1.7
Spellcasting   | 3 4 |  4.1
Fighting       | 1 |  1.4
Axes           | |  0.7
Stealth        | |  1.8
Shields        | |  0.2
Air Magic      | |  0.1

Action                   |  1- 3 |  4- 6 |  7- 9 || total
-------------------------+-------+-------+-------++-------
Melee: Hand axe          |    28 |    44 |     7 ||    79
       Touch             |     4 |     9 |     1 ||    14
 Cast: Sting             |    68 |    56 |     1 ||   125
       Poisonous Vapours |       |     6 |     5 ||    11
       Foxfire           |       |     1 |     5 ||     6
  Use: Scroll            |       |     6 |       ||     6
Armor: Robe              |    11 |       |       ||    11
       Leather armour    |     4 |    13 |     1 ||    18
Dodge: Dodged            |    20 |    38 |     3 ||    61
Block: Other             |     2 |    12 |       ||    14
       Reflection        |       |     1 |       ||     1

Table legend: (Time is in decaauts)
 A = Elapsed time spent in this place.
 B = Non-inter-level travel time spent in this place.
 C = Inter-level travel time spent in this place.
 D = Time resting spent in this place.
 E = Time spent auto-exploring this place.
 F = Levels seen in this place.
 G = Mean time per level.
                   A        B        C        D        E       F      G
               +--------+--------+--------+--------+--------+-----+--------+
         Total |   4501 |   4355 |    146 |    288 |   3353 |   4 | 1125.2 |
       Dungeon |   4501 |   4355 |    146 |    288 |   3353 |   4 | 1125.2 |
               +--------+--------+--------+--------+--------+-----+--------+

Top non-repeatable levels by time:
     D:3: 1260 daAuts
     D:2: 1189 daAuts
     D:4: 1067 daAuts
     D:1: 985 daAuts
